AoeStats
← Lord Nain7678

Arena

510645614Analyzed
2v2 RM · 1d ago on Oct 2, 2026· 86m 7s· 4 players
Game mode
Random Map
Map size
Medium (4 player)
Population
200
Speed
Normal
Resources
Standard
Victory
Conquest
Starting age
Dark Age
Ending age
Imperial Age
RankedLock teamsTeams togetherTeam positionsShared explorationLock speedFull tech treeHidden civsTurbo modeCheats
Victory
Defeat
🇦🇷 Mongols · Argentina
968
+15
🇺🇸 Bohemians · United States
968
+15
🇦🇷 Cumans · Argentina
948
-15
🇦🇷 Franks · Argentina
935
-15
ConcaveKnot1639
0:26 Loom
12:40 Feudal Age
15:17 Double-Bit Axe
18:14 Castle Age
18:59 Forging
22:54 Wheelbarrow
22:24 Husbandry
24:41 Light Cavalry
25:33 Scale Barding Armor
30:25 Chain Barding Armor
30:58 Iron Casting
30:54 Fletching
35:15 Bodkin Arrow
35:41 Ordonnance Companies
44:07 Imperial Age
45:36 Ballistics
51:24 Conscription
51:58 Cavalier
53:05 Scale Mail Armor
57:55 Plate Barding Armor
56:56 Pikeman
62:50 Paladin
68:56 Hand Cart
80:28 Padded Archer Armor
83:42 Leather Archer Armor
83:26 Cranequins
Batistuta2014
8:44 Loom
10:53 Feudal Age
11:38 Double-Bit Axe
14:53 Horse Collar
15:44 Gold Mining
17:43 Wheelbarrow
17:08 Stone Mining
22:58 Castle Age
20:45 Town Watch
22:52 Bloodlines
25:02 Bow Saw
25:30 Gold Shaft Mining
28:11 Hand Cart
28:51 Heavy Plow
37:21 Imperial Age
35:41 Capped Ram
36:30 Scale Barding Armor
36:27 Padded Archer Armor
37:24 Fletching
41:53 Conscription
42:05 Ballistics
42:45 Chemistry
41:28 Elite Steppe Lancer
44:52 Chain Barding Armor
44:42 Forging
49:08 Light Cavalry
50:50 Cuman Mercenaries
51:29 Plate Barding Armor
51:31 Iron Casting
54:59 Steppe Husbandry
56:40 Two-Man Saw
55:37 Onager
60:49 Blast Furnace
61:04 Murder Holes
63:06 Devotion
68:28 Hussar
75:54 Crop Rotation
75:07 Elite Skirmisher
75:53 Thumb Ring
75:51 Bodkin Arrow
Angel91125941
5:23 Loom
9:19 Feudal Age
16:28 Castle Age
15:35 Double-Bit Axe
15:36 Horse Collar
19:03 Bow Saw
19:33 Fervor
24:54 Sanctity
25:48 Redemption
28:17 Forging
28:36 Pikeman
30:03 Squires
31:39 Wheelbarrow
32:34 Padded Archer Armor
32:25 Fletching
36:09 Imperial Age
35:23 Chemistry
34:41 Elite Skirmisher
35:49 Ballistics
38:16 Conscription
39:11 Masonry
49:47 Halberdier
53:13 Town Watch
54:28 Iron Casting
53:55 Scale Mail Armor
55:32 Iron Casting
56:06 Chain Mail Armor
56:36 Bodkin Arrow
57:27 Heavy Plow
59:07 Hand Cart
61:11 Bracer
64:11 Architecture
66:02 Leather Archer Armor
75:47 Two-Man Saw
76:23 Arson
81:48 Chain Mail Armor
85:50 Plate Mail Armor
Lord Nain7678
10:53 Feudal Age
15:50 Castle Age
13:47 Double-Bit Axe
14:14 Horse Collar
16:49 Wheelbarrow
27:28 Fletching
27:39 Padded Archer Armor
28:10 Loom
28:43 Bodkin Arrow
30:31 Husbandry
30:42 Bloodlines
34:55 Imperial Age
32:48 Hand Cart
33:58 Town Watch
34:36 Scale Barding Armor
34:41 Forging
35:39 Bow Saw
36:04 Conscription
36:41 Light Cavalry
38:19 Thumb Ring
41:31 Hussar
43:15 Parthian Tactics
43:15 Chain Barding Armor
43:40 Ballistics
44:21 Chemistry
43:41 Leather Archer Armor
45:22 Iron Casting
44:49 Bracer
44:52 Heavy Plow
50:05 Elite Mangudai
51:05 Drill
61:05 Town Patrol
61:43 Siege Engineers
67:46 Blast Furnace
Connection lost

Rejoining the realm…

Still unreachable

The connection could not be restored.

Session expired

The server has moved on; the page needs a fresh start.